 Dungeon Crawl Stone Soup version 0.30-a0-223-gcb0039aa0c (webtiles) character file.

Game seed: 320097703593676126

172 qw the Chopper (level 5, -5/32 HPs)
             Began as a Gargoyle Fighter on Oct 9, 2022.
             Slain by Pikel
             ... wielding a +1 whip of freezing
              (6 damage)
             ... on level 3 of the Dungeon.
             The game lasted 00:01:02 (2293 turns).

qw the Chopper (Gargoyle Fighter)                   Turns: 2293, Time: 00:01:02

Health: -5/32      AC: 10    Str: 21    XL:     5   Next: 52%
Magic:  5/5        EV:  9    Int:  9    God:
Gold:   125        SH:  4    Dex:  9    Spells: 4/4 levels left

rFire   . . .      SeeInvis .    Y - +1 war axe
rCold   . . .      Faith    .    c - +0 buckler
rNeg    + + .      Spirit   .    b - +0 scale mail
rPois   inf        Reflect  .    (no helmet)
rElec   +          Harm     .    (no cloak)
rCorr   .          Rampage  .    (no gloves)
Will    .....                    (no boots)
Stlth   ..........               (no amulet)
HPRegen 0.25/turn                h - ring of positive energy
MPRegen 0.09/turn                (no ring)

@: no status effects
A: sickness immunity, AC +4, negative energy resistance 1, electricity
resistance, torment resistance 1, petrification resistance
a: no special abilities


You were on level 3 of the Dungeon.
You visited 1 branch of the dungeon, and saw 4 of its levels.

You collected 125 gold pieces.


Innate Abilities, Weirdness & Mutations

You are immune to sickness and miasma.
Your stone body is resilient. (AC +4)
You are immune to poison.
You resist negative energy. (rN+)
You are resistant to electric shocks. (rElec)
You are resistant to unholy torment.
You are immune to petrification.


   Skills:
 + Level 3.5 Fighting
 - Level 5.0 Axes
 - Level 3.2 Armour
 - Level 3.2 Shields


You had 4 spell levels left.
You didn't know any spells.
Your spell library was empty.

Inventory:

Hand Weapons
 g - a +0 morningstar
 Y - a +1 war axe (weapon)
Armour
 b - a +0 scale mail (worn)
 c - a +0 buckler (worn)
Jewellery
 h - a ring of positive energy (left hand)
Potions
 a - a potion of flight {unknown}
 d - a potion of might
 e - a potion of resistance {unknown}
 j - a potion of curing {unknown}
 l - a potion of degeneration {unknown}

Dungeon Overview and Level Annotations

Branches:
Dungeon (4/15)
 Temple: D:4-7

Altars:
Dithmenos

Annotations:
D:3 Pikel


Message History

Pikel freezes you.
You climb upwards.
There is a stone staircase leading down here.
You closely miss Pikel. Pikel hits you but does no damage.
You hit Pikel but do no damage. Pikel hits you but does no damage.
You slash Pikel!
Pikel is lightly wounded.
Pikel barely misses you.
You slash Pikel!
Pikel is heavily wounded.
Pikel closely misses you.
Pikel hits you with a +1 whip of freezing!
Pikel freezes you.
You barely miss Pikel.
Pikel is heavily wounded.
Pikel hits you but does no damage.
You hit Pikel but do no damage.
Pikel is heavily wounded.
Pikel completely misses you.
You barely miss Pikel.
Pikel is heavily wounded.
Pikel hits you with a +1 whip of freezing.
Pikel freezes you. Pikel barely misses you.
You closely miss Pikel.
Pikel is heavily wounded.
Pikel hits you but does no damage.
You hit Pikel but do no damage.
Pikel is heavily wounded.
Pikel hits you with a +1 whip of freezing!
Pikel freezes you.
You hit Pikel.
Pikel is heavily wounded.
Pikel hits you with a +1 whip of freezing.
Pikel freezes you. Pikel hits you but does no damage.
You barely miss Pikel.
Pikel is heavily wounded.
Pikel hits you with a +1 whip of freezing.
You die...

<.#.#..#...# #.##..........>
....##.#.### #)##.######....
.#...#...### #.#..# #....
.#.#.......## ####.#.## ##..##
.#.#.##.##..####..##.## ##.##.#
##...##..##.#....##...#####...#.#
....####.##...####..#.......#...#
..........#....####...#####...#.#
..######....##.K@.##.## ##.##.#
..######...........#.# #.#..#
................#..#.# #.#..#
....#####...####.###.# #.#..#
..#..###¤¤¤¤¤###..##.## ##[##.#
.######¤¤¤¤¤¤¤###.#...#####...#..
.# ###.¤¤¤¤¤¤¤¤#....#.......#...#
.###...¤¤¤¤¤¤¤...##)..#####...#.#
##.....¤¤._¤¤¤...###.## ##.##.#


You could see Pikel.

Vanquished Creatures
  A scorpion (D:2)
  4 adders
  2 worms (D:2)
  A dart slug (D:1)
  4 orcs (D:2)
  5 bats
  2 endoplasms
  A giant cockroach (D:2)
  8 goblins
  7 hobgoblins
  6 jackals
  4 quokkas
  5 ball pythons
  A frilled lizard (D:3)
  4 kobolds
  5 rats
60 creatures vanquished.

Vanquished Creatures (others)
  A fungus (D:2)
  7 plants
8 creatures vanquished.

Grand Total: 68 creatures vanquished

Notes
Turn   | Place    | Note
-------+----------+-------------------------------------------
     0 | D:1      | qw the Gargoyle Fighter began the quest for the Orb.
     0 | D:1      | Reached XP level 1. HP: 14/14 MP: 1/1
     0 | D:1      | 0 ||| qw: Version: 0.2-a-17-g06abaee
     0 | D:1      | 0 ||| qw: Game counter: 2135
     0 | D:1      | 0 ||| qw: Always use a shield: true
     0 | D:1      | 0 ||| qw: God list: Okawaru
     0 | D:1      | 0 ||| qw: Allow faded altars: false
     0 | D:1      | 0 ||| qw: Do Orc after D:15 true
     0 | D:1      | 0 ||| qw: Do second Lair branch before Depths: true
     0 | D:1      | 0 ||| qw: Lair rune preference: random
     0 | D:1      | 0 ||| qw: Plans: Normal, Zot:1-4, God:TSO, Crypt, Tomb,
                  | Pan, Slime:5, Hells, Abyss, Orb
     0 | D:1      | 0 ||| PLANNING D:1-11
    55 | D:1      | Reached skill level 2 in Axes
   109 | D:1      | Reached XP level 2. HP: 19/19 MP: 2/2
   279 | D:1      | 279 ||| Stepping ~*~*~tactically~*~*~ (stealth).
   290 | D:1      | 290 ||| Stepping ~*~*~tactically~*~*~ (stealth).
   373 | D:1      | 373 ||| Stepping ~*~*~tactically~*~*~ (stealth).
   377 | D:1      | 377 ||| Stepping ~*~*~tactically~*~*~ (stealth).
   418 | D:1      | 418 ||| Stepping ~*~*~tactically~*~*~ (stealth).
   526 | D:1      | 526 ||| Stepping ~*~*~tactically~*~*~ (hiding).
   641 | D:1      | Reached skill level 3 in Axes
   853 | D:1      | 853 ||| READING scroll labelled CUEG KASEX.
   874 | D:2      | Reached XP level 3. HP: 23/23 MP: 3/3
  1082 | D:2      | Found a faded altar of an unknown god.
  1119 | D:2      | Noticed a scorpion
  1125 | D:2      | Killed a scorpion
  1126 | D:2      | Reached skill level 4 in Axes
  1126 | D:2      | Reached XP level 4. HP: 28/28 MP: 4/4
  1132 | D:2      | 1132 ||| Stepping ~*~*~tactically~*~*~ (stealth).
  1154 | D:2      | 1154 ||| FLEEEEING.
  1155 | D:2      | 1155 ||| FLEEEEING.
  1156 | D:2      | 1156 ||| FLEEEEING.
  1157 | D:2      | 1157 ||| FLEEEEING.
  1158 | D:2      | 1158 ||| FLEEEEING.
  1159 | D:2      | 1159 ||| FLEEEEING.
  1168 | D:2      | 1168 ||| FLEEEEING.
  1169 | D:2      | 1169 ||| FLEEEEING.
  1170 | D:2      | 1170 ||| FLEEEEING.
  1171 | D:2      | 1171 ||| FLEEEEING.
  1172 | D:2      | 1172 ||| FLEEEEING.
  1173 | D:2      | 1173 ||| FLEEEEING.
  1176 | D:2      | 1176 ||| FLEEEEING.
  1179 | D:2      | 1179 ||| FLEEEEING.
  1262 | D:2      | Reached XP level 5. HP: 32/32 MP: 5/5
  1263 | D:2      | 1263 ||| DROPPING ring of magical power.
  1264 | D:2      | 1264 ||| READING scroll labelled RUUMIME KOSTRU.
  1265 | D:2      | 1265 ||| READING scroll labelled IDY TEKOWK.
  1305 | D:2      | 1305 ||| DROPPING +0 club.
  1309 | D:2      | 1309 ||| DROPPING +0 whip.
  1759 | D:3      | Found a shadowy altar of Dithmenos.
  1933 | D:3      | 1933 ||| Stepping ~*~*~tactically~*~*~ (stealth).
  1941 | D:3      | Reached skill level 5 in Axes
  2262 | D:3      | 2262 ||| UPGRADING to ring of positive energy.
  2263 | D:3      | 2263 ||| READING scroll labelled DECKIDW SOTOAFIU.
  2264 | D:3      | 2264 ||| READING scroll labelled TUGOEG INYMEUSUWN.
  2267 | D:3      | 2267 ||| READING scroll labelled TIFUWNU URURGH.
  2280 | D:4      | Noticed Pikel
  2280 | D:4      | Noticed a lemure
  2280 | D:4      | Noticed a lemure
  2280 | D:4      | Noticed a lemure
  2280 | D:4      | Noticed a lemure
  2281 | D:4      | 2281 ||| STAIRDANCE
  2292 | D:3      | HP: 4/32 [Pikel/+1 whip of freezing (6)]
  2292 | D:3      | HP: 1/32 [Pikel/+1 whip of freezing (3)]
  2293 | D:3      | Slain by Pikel

Levels and vault maps discovered:
D:1:      co_arrival_square_in_a_square_in_a_square, layout_basic, serial_glass,
          glass_columns_c, glass_columns_a
D:2:      layout_basic, shapermc_ecumenical_altar_mp_urbaneastern,
          minmay_misc_feat_alley, wad_orctagon
D:3:      layout_rooms, nicolae_dithmenos_the_darkroom, minmay_misc_feat_tower,
          serial_bayou_ford_a, mrwooster_statue_mirror
D:4:      layout_loops_corners, minmay_shop_mayhem, uniq_pikel

Skill      XL: |  1  2  3  4  5 |
---------------+----------------+-----
Axes           | 2 3 4 5 |  5.0
Fighting       | |  3.5
Armour         | |  3.2
Shields        | |  3.2

Action                   |  1- 3 |  4- 6 || total
-------------------------+-------+-------++-------
Melee: War axe           |    78 |    97 ||   175
  Use: Scroll            |     1 |     5 ||     6
Armor: Scale mail        |    29 |    44 ||    73
Dodge: Dodged            |    34 |    45 ||    79
Block: Buckler           |     9 |    18 ||    27

Table legend:
 A = Non-vault XP
 B = Vault XP
 C = Vault XP percentage of total XP
 D = Non-vault monster count
 E = Vault monster count
 F = Vault count percentage of total count
                 A         B        C        D         E       F
            +---------+---------+-------+---------+---------+-------
      Total |     234 |      12 |   4.9 |      56 |       4 |   6.7
            +---------+---------+-------+---------+---------+-------
        D:1 |      33 |       0 |   0.0 |      17 |       0 |   0.0
        D:2 |     151 |      12 |   7.4 |      23 |       4 |  14.8
        D:3 |      50 |       0 |   0.0 |      16 |       0 |   0.0
            +---------+---------+-------+---------+---------+-------
